 Dungeon Crawl Stone Soup version 0.21-a0-110-g8e1637b (webtiles) character file.

6267 grindst0ne the Transmogrifier (level 10, -1/71 HPs)
             Began as a Merfolk Transmuter on July 10, 2017.
             Was a High Priest of Okawaru.
             Killed by divine providence
             ... invoked by an orc priest
              (14 damage)
             ... on level 9 of the Dungeon.
             The game lasted 00:34:08 (14561 turns).

grindst0ne the Transmogrifier (Merfolk Transmuter) Turns: 14561, Time: 00:34:09

Health: -1/71      AC:  2    Str: 17    XL:     10   Next: 94%
Magic:  19/22      EV: 21    Int: 12    God:    Okawaru [*****.]
Gold:   495        SH:  3    Dex: 19    Spells: 3/13 levels left

rFire    . . .     SeeInvis .     - Unarmed
rCold    . . .     Gourm    .   (shield currently unavailable)
rNeg     . . .     Faith    .   (armour currently unavailable)
rPois    x         Spirit   .   (helmet currently unavailable)
rElec    .         Reflect  +   (cloak currently unavailable)
rCorr    .         Harm     .   (gloves currently unavailable)
MR       .....                  (boots currently unavailable)
Stlth    ++........             B - +3 amulet of reflection
HPRegen  0.21/turn              a - ring of magical power
MPRegen  0.18/turn              u - +2 ring of strength

@: spider-form
A: (change form in water), (swift swim), (stealthy swim), blink, wild magic 1
a: End Transformation, Blink, Heroism, Finesse, Renounce Religion


You were on level 9 of the Dungeon.
You worshipped Okawaru.
Okawaru was extremely pleased with you.
You were not hungry.
You were a venomous arachnid creature.
You visited 2 branches of the dungeon, and saw 10 of its levels.

You collected 537 gold pieces.
You spent 42 gold pieces at shops.

Inventory:

Hand Weapons
 j - a +5 dagger
 z - a +2 dagger of venom
 G - a +0 rapier of venom (melded)
Missiles
 x - 26 arrows
Armour
 b - a +1 robe
 l - a +1 hat (melded)
 A - a cursed -2 leather armour (melded)
 F - a +1 cloak (melded)
 I - a +2 ring mail of fire resistance
Jewellery
 a - a ring of magical power (left front leg)
 u - a +2 ring of strength (right front leg)
 B - a +3 amulet of reflection (around neck)
Wands
 g - a wand of random effects (15/48)
 h - a wand of polymorph (0/24)
 k - a wand of disintegration (5/24)
 v - a wand of digging (11/24)
 D - a wand of polymorph (5/24)
Scrolls
 e - 2 scrolls of recharging
 i - 3 scrolls of enchant weapon
 n - 5 scrolls of enchant armour
 o - a scroll of magic mapping
 s - 4 scrolls of amnesia
 t - 2 scrolls of teleportation
Potions
 q - a potion of berserk rage
 r - a potion of brilliance
 E - a potion of magic
 H - a potion of flight
 J - a potion of curing
 K - a potion of cancellation
Books
 c - a book of Changes

   Spells                             Type                      Level
   a - Beastly Appendage              Transmutation                1
   b - Sticks to Snakes               Transmutation                2
   c - Spider Form                    Transmutation/Poison         3
   d - Ice Form                       Ice/Transmutation            4
   e - Blade Hands                    Transmutation                5
 w - a book of Flames

   Spells                             Type                      Level
   a - Flame Tongue                   Conjuration/Fire             1
   b - Throw Flame                    Conjuration/Fire             2
   c - Conjure Flame                  Conjuration/Fire             3
   d - Inner Flame                    Hexes/Fire                   3
   e - Sticky Flame                   Conjuration/Fire             4
   f - Fireball                       Conjuration/Fire             5
 y - a book of Frost

   Spells                             Type                      Level
   a - Freeze                         Ice                          1
   b - Throw Frost                    Conjuration/Ice              2
   c - Ozocubu's Armour               Charms/Ice                   3
   d - Throw Icicle                   Conjuration/Ice              4
   e - Summon Ice Beast               Ice/Summoning                4
Comestibles
 d - 2 bread rations
 m - 5 fruits
 p - 5 meat rations
 C - 5 royal jellies


   Skills:
 - Level 4.1 Fighting
 - Level 2.6 Dodging
 + Level 12.3 Unarmed Combat
 - Level 2.0 Spellcasting
 + Level 14.0 Transmutations


You had 3 spell levels left.
You knew the following spells:

 Your Spells              Type           Power        Failure   Level  Hunger
b - Sticks to Snakes      Tmut           #####...     3%          2    ###....
c - Spider Form           Tmut/Pois      ###.......   21%         3    ####...
d - Blade Hands           Tmut           #####.....   13%         5    ######.


Dungeon Overview and Level Annotations

Branches:
Dungeon (9/15)             Temple (1/1) D:4
   Lair: D:8-11         Orc: D:9-12

Altars:
Ashenzari
Cheibriados
Dithmenos
Elyvilon
Fedhas
Gozag
Hepliaklqana
Kikubaaqudgha
Makhleb
Nemelex Xobeh
Okawaru
Qazlal
Ru
Sif Muna
Trog
Uskayaw
Vehumet
Wu Jian
Xom
Zin

Shops:
D:4 *   D:7 =

Annotations:
D:5 exclusion: downstairs


Innate Abilities, Weirdness & Mutations

((You revert to your normal form in water.))
((You are very nimble and swift while swimming.))
((You are very stealthy in the water. (Stealth+)))
You can translocate small distances at will.
Your spells are a little harder to cast, but a little more powerful.


Message History

Evoke which item? (* to show all) (? for menu, Esc to quit)
Aiming: Disintegrate
Press: ? - help, Shift-Dir - straight line, f/p - warg
Aim: a warg (almost dead, chance to defeat MR: 48%)
The warg is blasted.
You blow up the warg!
Okawaru accepts your kill.
This wand has 5 charges left.
Your ball python withers and dies!
Okay, then.
Casting: Sticks to Snakes
Confirm with . or Enter, or press ? or * to list all spells.
You turn into a venomous arachnid creature.
Your +0 rapier of venom melds into your body.
Your +1 cloak melds into your body.
Your +1 hat melds into your body.
Your cursed -2 leather armour melds into your body.
Your +0 rapier of venom stops dripping with poison.
The orc priest calls down the wrath of Beogh upon you.
Beogh smites you!
You die...

###########.######
oh.o.h..#..........
#######h#.######### #
#..o.......). #
######.##################### #
#......h..(................. #
#.####.#o...................
######.####.#........#:..........
................s...><.......#...
######.####.#.#####............#.
# #.#....................
######.####.#..####..............
o...............(.#...........###
..####.####......(......#######
..# ########)##.##.# ..#
.......))...#..# ..#
.......#..#.#..#########


You could see a warg, an orc priest and an orc.

Vanquished Creatures
  Erolcha (D:9)
  A two-headed ogre (D:8)
  Maurice (D:9)
  Joseph (D:7)
  A troll (D:9)
  Grinder (D:5)
  A hippogriff (D:8)
  Sigmund (D:4)
  A human (D:8)
  Eustachio (D:5)
  4 hogs
  A warg (D:9)
  A water moccasin (D:8)
  3 phantoms (D:5)
  A hornet zombie (D:6)
  2 ogres
  A centaur (D:9)
  A big kobold (D:9)
  2 bullfrogs (D:8)
  A scorpion (D:7)
  A howler monkey (D:6)
  3 crimson imps
  2 quasits (D:7)
  A bullfrog zombie (D:6)
  3 hounds
  4 orc priests
  10 orc wizards
  Crazy Yiuf (D:7)
  An iguana (D:6)
  Natasha (thrice) (D:4 D:6)
  6 worker ants
  A killer bee zombie (D:5)
  A hound zombie (D:6)
  4 hound skeletons
  A worker ant zombie (D:5)
  6 gnolls
  21 adders
  2 shadow imps
  An ooze (D:5)
  An adder zombie (D:6)
  An adder skeleton (D:6)
  2 worms
  7 leopard geckos
  35 orcs
  6 bats
  4 giant cockroaches
  7 hobgoblins
  8 jackals
  11 kobolds
  2 quokkas
  2 ball pythons
  7 frilled lizards
  13 goblins
  A leopard gecko zombie (D:5)
  2 quokka zombies
  11 rats
219 creatures vanquished.

Vanquished Creatures (collateral kills)
  A meliai zombie (D:8)
  2 black bears (D:8)
  An orc wizard (D:9)
  3 gnolls
  An orc (D:8)
8 creatures vanquished.

Grand Total: 227 creatures vanquished

Notes
Turn   | Place    | Note
-------+----------+-------------------------------------------
     0 | D:1      | grindst0ne the Merfolk Transmuter began the quest for the Orb.
     0 | D:1      | Reached XP level 1. HP: 15/15 MP: 3/3
   574 | D:1      | Reached XP level 2. HP: 19/22 MP: 3/5
   597 | D:1      | HP: 1/22 [gnoll/whip (3)]
   610 | D:1      | Reached skill level 3 in Transmutations
  1027 | D:1      | Reached XP level 3. HP: 28/28 MP: 4/6
  1861 | D:1      | Learned a level 3 spell: Spider Form
  1864 | D:1      | Learned a level 2 spell: Sticks to Snakes
  2043 | D:2      | Found an ancient bone altar of Kikubaaqudgha.
  2359 | D:2      | Reached XP level 4. HP: 34/34 MP: 3/7
  2832 | D:2      | Found a stormy altar of Qazlal.
  3013 | D:2      | Found a shattered altar of Ashenzari.
  3621 | D:3      | Reached XP level 5. HP: 39/42 MP: 2/8
  3622 | D:3      | Reached skill level 4 in Transmutations
  3809 | D:3      | Found a sparkling altar of Nemelex Xobeh.
  5110 | D:4      | Found a staircase to the Ecumenical Temple.
  5126 | Temple   | Entered the Ecumenical Temple
  5208 | Temple   | Became a worshipper of Warmaster Okawaru
  5235 | D:4      | Found a glowing silver altar of Zin.
  5296 | D:4      | Noticed Natasha
  5306 | D:4      | Killed Natasha
  5306 | D:4      | Reached XP level 6. HP: 18/48 MP: 6/9
  5525 | D:4      | Noticed Sigmund
  5544 | D:4      | Gained mutation: Your spells are a little harder to cast, but a little more powerful. [potion of mutation]
  5544 | D:4      | Gained mutation: You can translocate small distances at will. [potion of mutation]
  5573 | D:4      | Killed Sigmund
  5573 | D:4      | Reached skill level 5 in Unarmed Combat
  5573 | D:4      | Reached skill level 5 in Transmutations
  5739 | D:4      | Found a blossoming altar of Fedhas.
  5739 | D:4      | Found a bloodstained altar of Trog.
  5767 | D:4      | Found Bayn's Assorted Antiques.
  5770 | D:4      | Bought a scroll of identify for 42 gold pieces
  6418 | D:5      | Entered Level 5 of the Dungeon
  6588 | D:5      | Reached skill level 6 in Transmutations
  6786 | D:5      | Noticed a phantom
  6809 | D:5      | Reached XP level 7. HP: 30/54 MP: 4/10
  7190 | D:5      | Reached * piety under Okawaru
  7456 | D:5      | Reached skill level 7 in Transmutations
  7652 | D:5      | Noticed Eustachio
  7663 | D:5      | Killed Eustachio
  7663 | D:5      | Reached XP level 8. HP: 38/60 MP: 8/11
  7674 | D:5      | Reached skill level 8 in Transmutations
  7698 | D:5      | Reached ** piety under Okawaru
  8041 | D:5      | Noticed Grinder
  8055 | D:5      | Killed Grinder
  8312 | D:5      | Reached skill level 9 in Transmutations
  9365 | D:6      | Learned a level 5 spell: Blade Hands
  9991 | D:6      | Reached XP level 9. HP: 65/65 MP: 8/12
 10026 | D:6      | Noticed Natasha
 10035 | D:6      | Killed Natasha
 10035 | D:6      | Reached skill level 10 in Transmutations
 10376 | D:6      | Noticed Natasha
 10382 | D:6      | Killed Natasha
 10382 | D:6      | Reached *** piety under Okawaru
 10810 | D:7      | Found a runed door.
 10852 | D:7      | Found Huynelan's Jewellery Boutique.
 10997 | D:7      | Noticed Joseph
 11628 | D:8      | Reached skill level 11 in Transmutations
 11683 | D:8      | Found a burning altar of Makhleb.
 11912 | D:8      | Noticed a two-headed ogre
 11925 | D:8      | Reached **** piety under Okawaru
 11925 | D:8      | Reached skill level 10 in Unarmed Combat
 12038 | D:7      | Killed Joseph
 12329 | D:7      | Reached skill level 12 in Transmutations
 12492 | D:7      | Noticed Crazy Yiuf
 12499 | D:7      | Killed Crazy Yiuf
 12692 | D:8      | Reached XP level 10. HP: 69/71 MP: 13/13
 13346 | D:8      | Noticed a two-headed ogre
 13349 | D:8      | Noticed a lindwurm
 13349 | D:8      | a two-headed ogre changed into a lindwurm
 13352 | D:8      | a lindwurm changed into a hippogriff
 13357 | D:8      | Reached ***** piety under Okawaru
 13361 | D:8      | Found a bloodstained altar of Trog.
 13452 | D:8      | Found a white marble altar of Elyvilon.
 13478 | D:8      | Found a sacrificial altar of Ru.
 13638 | D:8      | Killed a two-headed ogre
 13638 | D:8      | Reached skill level 13 in Transmutations
 14129 | D:9      | Noticed Maurice
 14148 | D:9      | Killed Maurice
 14444 | D:9      | Received a gift from Okawaru
 14517 | D:9      | Noticed Erolcha
 14525 | D:9      | Killed Erolcha
 14539 | D:9      | Reached skill level 14 in Transmutations
 14561 | D:9      | Killed from afar by an orc priest

Vault maps used:
D:1:      minmay_arrival_loop
D:2:      grunt_qazlal_clouds, overflow_temple_1_default, marbit_many_paths
D:3:      nicolae_overflow_hidden_temple, first_bread, serial_forest,
          infiniplex_forest_zigzag_1, infiniplex_forest_lined_room_2,
          infiniplex_forest_lined_room_2, infiniplex_forest_end_3,
          infiniplex_forest_lined_2, infiniplex_forest_lined_3_way,
          infiniplex_forest_lined_3, infiniplex_forest_straight_3,
          infiniplex_forest_lined_2, infiniplex_forest_lined_room_2,
          bh_walls_and_bars
D:4:      gammafunk_temple_overflow_elements, lemuel_coloured_pillars_altar,
          minmay_temple_entry_butterflies, serial_shops,
          nicolae_shop_window_shopping, uniq_sigmund, uniq_natasha
D:5:      uniq_grinder, uniq_eustachio
D:7:      serial_shops, nicolae_shop_temple_entry_statues_fountains,
          uniq_crazy_yiuf_cottage, uniq_joseph
D:8:      kennysheep_little_box, kennysheep_mini_moat, bloody_makhleb,
          grunt_livestock, trog_ov_bears_minmay
D:9:      minmay_bloctagon_deflated, grunt_temple_overflow_holy_war,
          erik_lair_orcish_takeover, wad_rectangle_vault, uniq_erolcha,
          uniq_maurice, uniq_prince_ribbit1
Temple:   eino_temple_lava

Skill      XL: |  1  2  3  4  5  6  7  8  9 10 |
---------------+-------------------------------+-----
Fighting       | 2 3 4 |  4.1
Transmutations | 3 4 6 7 9 12 14 | 14.0
Unarmed Combat | 4 5 7 8 10 12 | 12.3
Dodging        | |  2.6
Spellcasting   | |  2.0

Action                   |  1- 3 |  4- 6 |  7- 9 | 10-12 || total
-------------------------+-------+-------+-------+-------++-------
Melee: Unarmed           |   114 |   176 |   384 |    75 ||   749
       Headbutt          |    11 |     6 |       |       ||    17
       Punch             |     1 |     2 |     1 |     2 ||     6
       Rapier            |       |       |       |     2 ||     2
 Cast: Beastly Appendage |    26 |     5 |     3 |       ||    34
       Spider Form       |     3 |    29 |    57 |    12 ||   101
       Sticks to Snakes  |     2 |     9 |     8 |     4 ||    23
Invok: Heroism           |       |       |     1 |       ||     1
 Abil: Blink             |       |       |       |     1 ||     1
Evoke: Wand              |       |       |     3 |    15 ||    18
  Use: Scroll            |       |     8 |     8 |     4 ||    20
       Potion            |       |     7 |     2 |     2 ||    11
 Stab: Distracted        |       |       |     1 |     1 ||     2
       Sleeping          |       |       |     1 |       ||     1
  Eat: Chunk             |     6 |    16 |    13 |     6 ||    41
       Bread ration      |       |     1 |     3 |     1 ||     5
       Royal jelly       |       |       |     1 |       ||     1
Armor: Robe              |    16 |    17 |    11 |       ||    44
       Skin              |       |     3 |    20 |     3 ||    26
       Leather armour    |       |       |     4 |       ||     4
Dodge: Dodged            |    63 |   182 |   325 |    67 ||   637
Block: Other             |       |       |    10 |     8 ||    18
       Reflection        |       |       |       |     2 ||     2
